 Dungeon Crawl Stone Soup version 0.18-a0-1250-g928b01e (webtiles) character file.

121 Laurel the Conjurer (level 4, -7/24 HPs)
             Began as a Deep Elf Conjurer on Feb 2, 2016.
             Was an Initiate of Vehumet.
             Killed by divine providence
             ... invoked by an orc priest
              (9 damage)
             ... on level 3 of the Dungeon.
             The game lasted 00:13:38 (2628 turns).

Laurel the Conjurer (Deep Elf Conjurer)             Turns: 2628, Time: 00:13:38

Health: -7/24      AC:  3    Str:  5    XL:     4   Next: 76%
Magic:  1/12       EV: 13    Int: 21    God:    Vehumet [......]
Gold:   129        SH:  0    Dex: 15    Spells: 3 memorised, 5 levels left

rFire  . . .     SeeInvis .     u - +3 dagger (elec)
rCold  . . .     Gourm    .     a - +0 robe
rNeg   . . .     Faith    .     (no shield)
rPois  .         Spirit   .     (no helmet)
rElec  .         Dismiss  .     i - +0 cloak
rCorr  .         Reflect  .     (no gloves)
SustAt .         Harm     .     (no boots)
MR     .....                    (no amulet)
Stlth  ++........               (no ring)
                                p - ring of flight

@: not resistant to hostile enchantments, unstealthy
A: no striking features
a: Renounce Religion, Evoke Flight


You were on level 3 of the Dungeon.
You worshipped Vehumet.
Vehumet was noncommittal.
You were not hungry.

You visited 1 branch of the dungeon, and saw 3 of its levels.

You collected 129 gold pieces.

Inventory:

Hand Weapons
 l - a +0 dagger of venom
 u - a +3 dagger of electrocution (weapon)
Missiles
 d - 140 stones (quivered)
 h - 14 poisoned needles
Armour
 a - a +0 robe (worn)
 i - a +0 cloak (worn)
Jewellery
 p - a ring of flight (left hand)
Wands
 r - a wand of fireball (6/15)
 v - a wand of flame (31/48)
Scrolls
 g - a scroll of teleportation {unknown}
 j - 4 scrolls of identify {unknown}
 k - 2 scrolls of fear {unknown}
 m - 2 scrolls of enchant weapon
 o - a scroll of immolation {unknown}
 s - a scroll of random uselessness {unknown}
Potions
 e - a potion of haste {unknown}
 n - a potion of magic {unknown}
 q - 2 potions of mutation {unknown}
 t - a potion of poison {unknown}
Books
 b - a book of Conjurations

   Spells                             Type                      Level
   a - Magic Dart                     Conjuration                  1
   b - Searing Ray                    Conjuration                  2
   c - Dazzling Spray                 Conjuration/Hexes            3
   d - Fulminant Prism                Conjuration/Hexes            4
   e - Iskenderun's Mystic Blast      Conjuration                  4
   f - Iskenderun's Battlesphere      Conjuration/Charms           5
Comestibles
 c - 2 bread rations
 f - a chunk of flesh


   Skills:
 + Level 0.0 Short Blades
 - Level 2.4 Dodging
 - Level 2.4 Stealth
 * Level 4.3 Spellcasting
 - Level 6.2 Conjurations


You had 5 spell levels left.
You knew the following spells:

 Your Spells              Type           Power        Failure   Level  Hunger
a - Magic Dart            Conj           ####         1%          1    None
b - Searing Ray           Conj           ####..       1%          2    #......
c - Dazzling Spray        Conj/Hex       ###.....     12%         3    ##.....


Dungeon Overview and Level Annotations

Branches:
Dungeon (3/15)

Altars:
Kikubaaqudgha
Vehumet
Xom


Message History

a dagger; a leather armour
Casting: Magic Dart
Confirm with . or Enter, or press ? or * to list all spells.
Aiming: Magic Dart
Press: ? - help, Shift-Dir - straight line, f/p - orc priest
Aim: an orc priest, wielding a dagger of venom and wearing a chain mail The magic dart hits something.
The orc wizard mumbles some strange words.
The orc wizard seems to speed up.
Something hits you but does no damage.
Read which item? (? for menu, Esc to quit)
As you read the scroll labeled BEOSHRO BYSI, it crumbles to dust.
It is a scroll of enchant weapon.
Enchant which weapon? (? for menu, Esc to quit)
Your +2 dagger of electrocution glows red for a moment.
Something hits you. Something hits you!
* * * LOW HITPOINT WARNING * * *
The orc priest invokes the aid of Beogh against you.
Something smites you!
You die...

#.#
#...o..(.
#.#
#...o..#
#.#
#s)....#
##.# #.#
...# #o#
#### #o#
#.# #{#
#@# #.#
#.# #.#
#.# #.#
#.# #.#
#.#


You could see an orc priest, an orc wizard and a giant cockroach.

Vanquished Creatures
  4 adders
  An ooze (D:1)
  3 worms (D:2)
  3 giant geckos
  3 orcs (D:3)
  7 bats
  3 giant cockroaches
  9 goblins
  3 hobgoblins
  5 jackals (D:1)
  3 quokkas (D:2)
  2 giant newts
  12 kobolds
  4 rats
62 creatures vanquished.

Notes
Turn   | Place    | Note
--------------------------------------------------------------
     0 | D:1      | Laurel the Deep Elf Conjurer began the quest for the Orb.
     0 | D:1      | Reached XP level 1. HP: 10/10 MP: 6/6
   268 | D:1      | Reached XP level 2. HP: 12/15 MP: 5/8
   319 | D:1      | Reached skill level 5 in Conjurations
   712 | D:1      | Learned a level 2 spell: Searing Ray
   801 | D:1      | Reached XP level 3. HP: 19/19 MP: 7/9
  1461 | D:2      | Found a radiant altar of Vehumet.
  1461 | D:2      | Found a shimmering altar of Xom.
  1476 | D:2      | Found an ancient bone altar of Kikubaaqudgha.
  1613 | D:2      | Reached skill level 6 in Conjurations
  1662 | D:2      | Reached XP level 4. HP: 24/24 MP: 4/10
  2001 | D:2      | Became a worshipper of Vehumet
  2609 | D:3      | Learned a level 3 spell: Dazzling Spray
  2628 | D:3      | Killed from afar by an orc priest

Vault maps used:
D:1:      minmay_arrival_shattered_statue, st_stairs_11
D:2:      minitemple

Action                   |  1- 3 |  4- 6 || total
-------------------------+-------+-------++-------
Melee: Unarmed           |     4 |       ||     4
       Dagger            |    32 |    22 ||    54
Throw: Stone             |       |     1 ||     1
 Cast: Magic Dart        |    67 |    44 ||   111
       Searing Ray       |     4 |       ||     4
       Dazzling Spray    |       |     3 ||     3
  Use: Scroll            |       |     1 ||     1
 Stab: Sleeping          |       |     2 ||     2
  Eat: Chunk             |     2 |     3 ||     5
